AoeStats
← karthiksandy19

Baltic

511000051Analyzed
2v2 RM · 6h ago on Oct 3, 2026· 60m 33s· 4 players
Game mode
Random Map
Map size
Medium (4 player)
Population
200
Speed
Normal
Resources
Standard
Victory
Conquest
Starting age
Dark Age
Ending age
Imperial Age
RankedLock teamsTeams togetherTeam positionsShared explorationLock speedFull tech treeHidden civsTurbo modeCheats
Victory
Defeat
🇺🇸 Varangians · United States
481
+16
🇮🇳 Chinese · India
479
+17
🇺🇸 Huns · United States
496
-17
🇨🇦 Romans · Canada
488
-16
Fieldmarshal89
0:44 Loom
11:28 Feudal Age
23:37 Castle Age
23:13 Double-Bit Axe
25:56 Arson
26:12 Squires
25:59 Gambesons
30:17 Horse Collar
34:49 Forging
34:40 Scale Mail Armor
36:09 Fletching
38:23 Iron Casting
38:04 Chain Mail Armor
37:14 Pikeman
39:16 Medium Warships
43:59 Imperial Age
45:45 Blast Furnace
44:17 Elite Varangian Guard
45:24 Conscription
45:21 Heavy Plow
47:32 Wheelbarrow
46:43 Town Watch
47:33 Crop Rotation
47:17 Bow Saw
47:58 Bodkin Arrow
47:52 Capped Ram
49:53 Town Patrol
54:11 Two-Man Saw
54:05 Siege Ram
55:41 Caravan
56:47 Siege Engineers
57:04 Ballistics
56:41 Murder Holes
57:49 Chemistry
karthiksandy19
14:40 Feudal Age
15:58 Wheelbarrow
15:19 Double-Bit Axe
15:26 Gold Mining
17:26 Horse Collar
20:40 Castle Age
21:42 Hand Cart
22:45 Heavy Plow
22:59 Bow Saw
23:33 Stone Mining
24:19 Gold Shaft Mining
26:12 Stone Shaft Mining
29:33 Imperial Age
28:48 Fletching
28:58 Padded Archer Armor
31:37 Bodkin Arrow
31:58 Leather Archer Armor
33:44 Bracer
34:15 Ring Archer Armor
34:09 Ballistics
34:51 Chemistry
33:48 Murder Holes
34:05 Clinker Construction
35:30 Two-Man Saw
34:56 Cavalier
37:41 Careening
37:52 Shipwright
37:48 Masonry
37:36 Heated Shot
38:39 Husbandry
38:50 Bloodlines
38:54 Forging
38:50 Scale Barding Armor
40:36 Iron Casting
41:36 Chain Barding Armor
50:01 Elite Chu Ko Nu
56:47 Blast Furnace
56:23 Plate Barding Armor
Feudal Temptation
0:27 Loom
16:21 Feudal Age
19:07 Man-at-Arms
19:41 Double-Bit Axe
22:04 Castle Age
19:48 Horse Collar
25:07 Wheelbarrow
30:08 Bow Saw
34:00 Imperial Age
31:56 Ballistics
32:32 Heavy Plow
33:01 Caravan
34:28 Hand Cart
35:07 Comitatenses
34:58 Gold Mining
35:34 Long Swordsman
36:09 Fletching
35:41 Light Cavalry
37:27 Chemistry
36:38 Fortified Wall
36:40 Masonry
36:40 Ballistas
39:13 Medium Warships
38:44 Fishing Lines
38:41 Legionary
38:46 Heavy Scorpion
39:09 Pikeman
39:18 Elite Skirmisher
41:56 Forging
41:42 Bodkin Arrow
41:47 Padded Archer Armor
41:47 Scale Mail Armor
41:53 Scale Barding Armor
41:58 Gillnets
42:37 Heavy Warships
42:03 Halberdier
58:49 Elite Centurion
kdawg4400
0:43 Loom
15:35 Feudal Age
21:28 Wheelbarrow
20:40 Double-Bit Axe
20:42 Horse Collar
21:18 Gold Mining
24:23 Castle Age
22:09 Town Watch
24:00 Stone Mining
28:35 Bow Saw
31:36 Coinage
31:13 Heavy Plow
31:55 Gold Shaft Mining
35:54 Caravan
37:24 Scale Barding Armor
37:20 Scale Mail Armor
37:21 Padded Archer Armor
37:11 Fletching
37:32 Forging
37:40 Hand Cart
37:26 Town Patrol
40:12 Murder Holes
40:43 Chain Barding Armor
40:39 Chain Mail Armor
40:39 Leather Archer Armor
40:06 Man-at-Arms
40:47 Squires
40:33 Arson
40:56 Thumb Ring
42:44 Crossbowman
42:57 Long Swordsman
42:58 Pikeman
46:32 Imperial Age
44:03 Town Patrol
44:01 Bodkin Arrow
44:41 Iron Casting
44:26 Masonry
44:55 Iron Casting
45:04 Ballistics
44:49 Marauders
44:39 Elite Skirmisher
45:07 Light Cavalry
45:58 Bloodlines
47:53 Husbandry
49:00 Plate Barding Armor
49:26 Blast Furnace
48:27 Bracer
49:30 Chemistry
47:54 Heavy Cavalry Archer
49:00 Parthian Tactics
49:39 Two-Man Saw
48:05 Two-Handed Swordsman
48:13 Cavalier
48:16 Capped Ram
49:08 Halberdier
52:52 Hussar
52:53 Paladin
58:07 Sappers
58:57 Atheism
57:58 Elite Tarkan
58:59 Conscription
58:10 Sappers
Connection lost

Rejoining the realm…

Still unreachable

The connection could not be restored.

Session expired

The server has moved on; the page needs a fresh start.